 Dungeon Crawl Stone Soup version 0.21-a0-348-ga060c75 (webtiles) character file.

29 vishdafish the Skirmisher (level 3, 12/29 HPs)
             Began as a Demonspawn Fighter on Oct 7, 2017.
             Quit the game on level 2 of the Dungeon.
             The game lasted 00:00:56 (553 turns).

vishdafish the Skirmisher (Demonspawn Fighter)       Turns: 553, Time: 00:00:57

Health: 12/29      AC:  6    Str: 16    XL:     3   Next: 1%
Magic:  3/3        EV:  7    Int: 10    God:
Gold:   28         SH:  8    Dex: 12    Spells: 2/2 levels left

rFire    . . .     SeeInvis .   a - +0 war axe
rCold    + . .     Gourm    .   c - +0 shield
rNeg     . . .     Faith    .   b - +0 scale mail
rPois    .         Spirit   .   (no helmet)
rElec    .         Reflect  .   (no cloak)
rCorr    .         Harm     .   (no gloves)
MR       .....                  (no boots)
Stlth    ..........             (no amulet)
HPRegen  0.09/turn              (no ring)
MPRegen  0.08/turn              (no ring)

@: no status effects
A: cold resistance 1, demonic guardian 1
a: no special abilities


You were on level 2 of the Dungeon.
You were not hungry.

You visited 1 branch of the dungeon, and saw 2 of its levels.

You collected 28 gold pieces.

Inventory:

Hand Weapons
 a - a +0 war axe (weapon)
Armour
 b - a +0 scale mail (worn)
 c - a +0 shield (worn)
Scrolls
 e - a scroll of remove curse {unknown}
Potions
 d - a potion of might
 i - a potion of curing {unknown}
Comestibles
 f - a bread ration
 h - a royal jelly


   Skills:
 + Level 3.2 Fighting
 * Level 2.2 Axes
 + Level 2.9 Armour
 + Level 0.8 Dodging
 + Level 2.9 Shields


You had 2 spell levels left.
You didn't know any spells.

Dungeon Overview and Level Annotations

Branches:
Dungeon (2/15)

Altars:


Innate Abilities, Weirdness & Mutations

Your flesh is cold resistant. (rC+)
A weak demonic guardian rushes to your aid.


Message History

You miss the adder.
The adder is almost dead.
You feel sick. The adder barely misses you. You block the adder's attack.
You miss the adder.
The adder is almost dead.
You feel sick. The adder closely misses you. You block the adder's attack.
You miss the adder.
The adder is almost dead.
You feel sick. The adder barely misses you. You block the adder's attack.
You hit the adder.
You kill the adder!
You have reached level 3!
Your experience leads to an increase in your attributes!
Increase (S)trength, (I)ntelligence, or (D)exterity?
You feel clever.
Your demonic ancestry asserts itself...
You feel resistant to cold.
You feel sick.
You start resting.
You feel sick. x8
You are no longer poisoned.
Are you sure you want to abandon this character and quit the game? (Confirm with "yes".)

### #..
##.# #...
#<.# #.$#
#.†# #.@#
#..# #†.#
.######..#
.......$.#
#######..##
#...#
#...#####
##......#


There were no monsters in sight!

Vanquished Creatures
  2 adders (D:2)
  A leopard gecko (D:2)
  2 hobgoblins
  2 jackals (D:1)
  A kobold (D:1)
  A bat (D:2)
  2 frilled lizards (D:1)
11 creatures vanquished.

Notes
Turn   | Place    | Note
-------+----------+-------------------------------------------
     0 | D:1      | vishdafish the Demonspawn Fighter began the quest for the Orb.
     0 | D:1      | Reached XP level 1. HP: 18/18 MP: 1/1
   365 | D:2      | Gained mutation: A weak demonic guardian rushes to your aid. [demonic ancestry]
   365 | D:2      | Reached XP level 2. HP: 24/24 MP: 2/2
   529 | D:2      | Gained mutation: Your flesh is cold resistant. (rC+) [demonic ancestry]
   529 | D:2      | Reached XP level 3. HP: 19/29 MP: 3/3
   553 | D:2      | Quit the game

Vault maps used:
D:1:      matt_arrival_grand_opening
D:2:      nicolae_overflow_crystal_walls, minmay_misc_feat_four_crosses,
          feat_on_display

Skill      XL: |  1  2 |
---------------+-------+-----
Axes           | 2 |  2.2
Fighting       | |  3.2
Armour         | |  2.9
Dodging        | |  0.8
Shields        | |  2.9

Action                   || total
-------------------------++-------
Melee: War axe           ||    51
  Use: Potion            ||     1
Armor: Scale mail        ||    24
Dodge: Dodged            ||    16
Block: Shield            ||    37

Table legend:
 A = Spawn XP
 B = Non-spawn XP
 C = Spawn XP percentage of total XP
 D = Spawn monster count
 E = Non-spawn monster count
 F = Spawn count percentage of total count
 G = Total turns spent on level
                    A         B        C        D         E        F      G
               +---------+---------+-------+---------+---------+-------+---------
         Total |       0 |      42 |   0.0 |       0 |      11 |   0.0 |   553
               +---------+---------+-------+---------+---------+-------+---------
           D:1 |       0 |      10 |   0.0 |       0 |       6 |   0.0 |   360
           D:2 |       0 |      32 |   0.0 |       0 |       5 |   0.0 |   193
               +---------+---------+-------+---------+---------+-------+---------
